 Dungeon Crawl Stone Soup version 0.32-a0-433-g08bcfe7efd (webtiles) character file.

Game seed: 11904872869967335871

1522 pascalblue the Thaumaturge (level 8, -7/41 HPs)
             Began as a Deep Elf Conjurer on Feb 22, 2024.
             Was a Follower of Sif Muna.
             Shot with an arrow by a centaur (14 damage)
             ... on level 6 of the Dungeon.
             The game lasted 00:19:17 (5563 turns).

pascalblue the Thaumaturge (Deep Elf Conjurer)      Turns: 5563, Time: 00:19:18

Health: -7/41      AC:  5    Str:  4    XL:     8   Next: 54%
Magic:  11/22      EV: 12    Int: 26    God:    Sif Muna [*.....]
Gold:   291        SH:  0    Dex: 13    Spells: 8/24 levels left

rFire   x . .        g - +2 flail (heavy)
rCold   + . .        (no shield)
rNeg    . . .        a - +2 robe
rPois   .            (no helmet)
rElec   .            (no cloak)
rCorr   .            (no gloves)
SInv    .            o - +0 pair of boots
Will    .....        (no amulet)
Stlth   ++           l - ring of ice
HPRegen 0.26/turn    (no ring)
MPRegen 0.18/turn

%: no passive effects
@: lethally poisoned (-7 -> -10), slowed, very slow
A: no striking features
a: Renounce Religion, Channel Magic


You were on level 6 of the Dungeon.
You worshipped Sif Muna.
Sif Muna was aware of your devotion.
You visited 1 branch of the dungeon, and saw 7 of its levels.

You collected 291 gold pieces.

Inventory:

Hand Weapons
 f - a +0 vampiric dagger
 g - a +2 heavy flail (weapon)
Missiles
 b - 2 throwing nets
Armour
 a - a +2 robe (worn)
 o - a +0 pair of boots (worn)
Jewellery
 l - a ring of ice (left hand)
Talismans
 e - a flux talisman
Wands
 k - a wand of roots (6)
 m - a wand of flame (14)
Scrolls
 p - a scroll of immolation
Potions
 c - a potion of heal wounds
 d - 2 potions of berserk rage
 h - a potion of attraction
 j - a potion of degeneration {unknown}
 n - 2 potions of brilliance


   Skills:
 - Level 3.0 Dodging
 - Level 2.4 Stealth
 * Level 8.5 Spellcasting
 * Level 8.0 Conjurations
 + Level 3.4 Translocations
 + Level 2.9 Alchemy
 + Level 3.9 Shapeshifting


You had 8 spell levels left.
You knew the following spells:

 Your Spells              Type           Power      Damage    Failure   Level
a - Magic Dart            Conj           100%       1d8       1%          1
b - Searing Ray           Conj           100%       2d8       1%          2
c - Blink                 Tloc           58%        N/A       1%          2
d - Fulminant Prism       Conj/Alch      19%        3d10      5%          4
e - Iskenderun's Mystic   Conj/Tloc      41%        2d9       4%          4
f - Swiftness             Air            11%        N/A       16%         3

Your spell library contained the following spells:

 Spells                   Type           Power      Damage    Failure   Level
 Lesser Beckoning         Tloc           58%        N/A       1%          2
 Momentum Strike          Conj/Tloc      82%        3d10      1%          2
 Ensorcelled Hibernation  Hex/Ice        32%        N/A       9%          2
 Passwall                 Erth           11%        N/A       16%         3


Dungeon Overview and Level Annotations

Branches:
Dungeon (7/15)
 Temple: D:4-7

Altars:
Fedhas
Gozag
Hepliaklqana
Qazlal
Sif Muna
Trog
Vehumet
Wu Jian
Xom
Yredelemnul
Zin

Shops:
D:2 *

Annotations:
D:7 Pikel


Message History

The water moccasin is lightly wounded.
Unknown command.
Unknown command.
You feel better. The water moccasin bites you.
You are lethally poisoned!
The water moccasin poisons you!
Unknown command.
You feel better.
The water moccasin bites you but does no damage.
The centaur wields a +0 orcbow.
The centaur shoots an arrow.
The arrow hits you. The water moccasin bites you.
* * * LOW HITPOINT WARNING * * *
You are lethally poisoned!
The water moccasin poisons you!
Okay, then.
You feel much better.
You feel very sick. The water moccasin barely misses you.
The centaur unwields a +0 orcbow.
The centaur closely misses you.
The centaur kicks you but does no damage.
The water moccasin bites you.
You feel very sick. The centaur attacks as it pursues you!
The centaur hits you but does no damage.
The centaur closely misses you. x3
You feel sick.
The centaur wields a +0 orcbow.
The centaur shoots an arrow.
The arrow hits you. The water moccasin barely misses you.
The water moccasin bites you.
* * * LOW HITPOINT WARNING * * *
Casting: Magic Dart (safe; 1% risk of failure)
Confirm with . or Enter, or press ? or * to list all spells.
Aiming: Searing Ray (safe; 1% risk of failure)
Press: ? - help, Shift-Dir - straight line, f - centaur, p - water moccasin
Aim: a centaur, wielding a +0 orcbow (90% to hit)
The searing ray misses the water moccasin.
The searing ray hits the centaur!
The centaur is moderately wounded. (Press . to maintain the ray.)
You feel sick.
The centaur shoots an arrow.
The arrow hits you!
You die...

......#.............# #.#
.....>#...$.........# #.#
......#.............# #.#
.............)......##.# #.#
.......................# #.#
.............)......########.#
.........###))..###>......%..#
.........###.)cS############.####
.........#......@.......# #.....
#..............# #.####
#.....)........####.###
#..............##.....##
.########.....#..........
..............#...≈≈.....
..............#...≈§..♣♣.
.............#...)§§..♣♣.
.............#...........


You could see a water moccasin and a centaur.

Vanquished Creatures
  Edmund (D:5)
  Menkaure (D:4)
  2 ice beasts (D:5)
  3 lemures (D:7)
  2 ogres
  A phantom (D:4)
  A kobold brigand (D:6)
  A bullfrog (D:6)
  2 scorpions (D:4)
  A howler monkey (D:5)
  2 bombardier beetles
  A gnoll bouda (D:4)
  2 orc priests
  5 hounds
  An iguana (D:5)
  An orc wizard (D:5)
  5 gnolls (D:4)
  8 adders
  A shadow imp (D:5)
  3 dart slugs
  A ribbon worm (D:2)
  14 orcs
  3 ball pythons
  6 endoplasms
  5 giant cockroaches
  4 goblins
  2 hobgoblins
  9 kobolds
  7 quokkas
  8 bats
  3 frilled lizards
  2 rats (D:1)
108 creatures vanquished.

Vanquished Creatures (others)
  4 fulminant prisms
4 creatures vanquished.

Grand Total: 112 creatures vanquished

Notes
Turn   | Place    | Note
-------+----------+-------------------------------------------
     0 | D:1      | pascalblue the Deep Elf Conjurer began the quest for the
                  | Orb.
     0 | D:1      | Reached XP level 1. HP: 10/10 MP: 6/6
   335 | D:1      | Reached XP level 2. HP: 15/15 MP: 6/8
   868 | D:1      | Reached XP level 3. HP: 19/19 MP: 7/10
  1104 | D:2      | Reached skill level 1 in Shapeshifting
  1169 | D:2      | Reached skill level 5 in Conjurations
  1172 | D:2      | Learned a level 2 spell: Searing Ray
  1447 | D:2      | Reached XP level 4. HP: 24/24 MP: 2/12
  1559 | D:2      | Found Jadeqium's General Store.
  2101 | D:3      | Found a hazy altar of Hepliaklqana.
  2215 | D:3      | Found a shimmering altar of Xom.
  2548 | D:3      | Found a stormy altar of Qazlal.
  2703 | D:3      | Found a glowing silver altar of Zin.
  2979 | D:4      | Noticed a scorpion
  2983 | D:4      | Killed a scorpion
  2984 | D:4      | Reached skill level 5 in Spellcasting
  2984 | D:4      | Reached XP level 5. HP: 20/28 MP: 7/14
  3049 | D:4      | Noticed a phantom
  3056 | D:4      | Killed a phantom
  3057 | D:4      | Reached XP level 6. HP: 32/32 MP: 8/16
  3148 | D:4      | Found a blossoming altar of Fedhas.
  3149 | D:4      | Found a basalt altar of Yredelemnul.
  3178 | D:4      | Found an opulent altar of Gozag.
  3254 | D:4      | Noticed Menkaure
  3260 | D:4      | Learned a level 2 spell: Blink
  3271 | D:4      | Killed Menkaure
  3391 | D:4      | Found a shimmering blue altar of Sif Muna.
  3399 | D:4      | Became a worshipper of Sif Muna the Loreminder
  3530 | D:4      | Reached skill level 1 in Translocations
  3698 | D:4      | Reached XP level 7. HP: 36/36 MP: 14/18
  3703 | D:4      | Learned a level 4 spell: Fulminant Prism
  3708 | D:4      | Learned a level 4 spell: Iskenderun's Mystic Blast
  4066 | D:5      | Entered Level 5 of the Dungeon
  4066 | D:5      | Found a radiant altar of Vehumet.
  4248 | D:5      | Reached skill level 1 in Alchemy
  4394 | D:5      | Noticed Edmund
  4402 | D:5      | Killed Edmund
  4568 | D:5      | Reached * piety under Sif Muna
  4569 | D:5      | Reached XP level 8. HP: 41/41 MP: 15/21
  4573 | D:5      | Learned a level 3 spell: Swiftness
  5150 | D:6      | Found a bloodstained altar of Trog.
  5272 | D:7      | Noticed Pikel
  5388 | D:6      | Found an ornate altar of the Wu Jian Council.
  5563 | D:6      | Shot with an arrow by a centaur

Illustrated notes

Levels and vault maps discovered:
D:1:      dpeg_arrival_rooms_c, layout_loops_ring
D:2:      layout_basic, serial_shops, nicolae_shop_just_a_little_nook
D:3:      layout_loops_ring, nzn_hepliaklqana_mist_gate,
          mainiacjoe_overflow_catwalk_spiral, mainiacjoe_overflow_paths,
          kennysheep_generic_room_16
D:4:      layout_gridville, fedhas_altar_1, mainiacjoe_overflow_alcove_4,
          hellmonk_sif_muna_bookshelves,
          nicolae_gozag_cash_rules_everything_around_me, uniq_menkaure
D:5:      layout_loops_ring, lemuel_tele_altar, uniq_edmund
D:6:      layout_basic, amcnicky_altar_gilded,
          mainiacjoe_overflow_small_starburst, nicolae_wu_jian_wuxing_cycle,
          gammafunk_temple_overflow_pools, minmay_temple_entry_proselytizer,
          serial_shops, nicolae_shop_peninsula
D:7:      layout_cave_pools, serial_shops, shop, uniq_pikel, uniq_maurice

Skill      XL: |  1  2  3  4  5  6  7  8 |
---------------+-------------------------+-----
Spellcasting   | 4 5 6 7 8 |  8.5
Shapeshifting  | 1 2 3 |  3.9
Dodging        | 3 |  3.0
Conjurations   | 5 6 7 8 |  8.0
Translocations | 1 2 3 |  3.4
Alchemy        | 2 |  2.9
Stealth        | |  2.4

Action                     |  1- 3 |  4- 6 |  7- 9 || total
---------------------------+-------+-------+-------++-------
  Melee: Flail             |       |       |     1 ||     1
   Cast: Magic Dart        |    67 |    50 |    76 ||   193
         Searing Ray       |     1 |    12 |    23 ||    36
         Fulminant Prism   |       |       |     4 ||     4
         Blink             |       |       |     1 ||     1
    Use: Scroll            |     3 |     5 |     6 ||    14
         Potion            |       |     2 |     3 ||     5
 Armour: Robe              |     5 |    10 |    23 ||    38
         Skin              |       |       |     1 ||     1
  Dodge: Dodged            |     8 |    12 |    22 ||    42

Table legend: (Time is in decaauts)
 A = Elapsed time spent in this place.
 B = Non-inter-level travel time spent in this place.
 C = Inter-level travel time spent in this place.
 D = Time resting spent in this place.
 E = Time spent auto-exploring this place.
 F = Levels seen in this place.
 G = Mean time per level.
                   A        B        C        D        E       F      G
               +--------+--------+--------+--------+--------+-----+--------+
         Total |   5567 |   5453 |    114 |    205 |   4532 |   7 |  795.3 |
       Dungeon |   5567 |   5453 |    114 |    205 |   4532 |   7 |  795.3 |
               +--------+--------+--------+--------+--------+-----+--------+

Top non-repeatable levels by time:
     D:4: 1110 daAuts
     D:1: 1049 daAuts
     D:5: 1042 daAuts
     D:2: 1022 daAuts
     D:3: 881 daAuts
     D:6: 347 daAuts
     D:7: 113 daAuts
